Description

Corrected build from birdy so you can use with Spawning Tool. Whole description can be found here:

https://lotv.spawningtool.com/build/61134/

VOD

https://lotv.spawningtool.com/build/61134/

Build Order

Get SALT Encoding   

  13  0:15  Overlord  
  17  0:45  Spawning Pool  
  17  1:10  Hatchery  
  16  1:25  Extractor  
  19  1:35  Queen  
  21  1:50  Overlord  
  22  2:10  Zergling  
  23  2:20  Queen  
  25  2:30  Metabolic Boost  
  25  2:35  Zergling x2  
  27  2:40  Queen  
  30  2:55  Overlord  
  38  3:25  Roach Warren  
  42  3:35  Overlord  
  44  3:50  Hatchery  
  51  4:20  Lair  
  51  4:25  Evolution Chamber x2  
  51  4:40  Extractor x2  
  49  5:00  Zerg Missile Weapons Level 1  
  49  5:10  Zerg Ground Armor Level 1  
Spawning Tool Build Advisor. Get it on Overwolf

Go to:

Details

  • Created by: GingerNaTT
  • Published on: Nov 27, 2017
  • Modified on: Nov 27, 2017
  • Patch: 4.0.0
Show
View Real Time Build Order
Export as new Build Order

Comments (2)

On Nov. 29, 2017, 1:34 p.m., GingerNaTT  said:

@birdy because you put your build order into analysis section not the build order section. That's my guess ; ) Just notify me when you fix yours so i can delete this one.

Also thank you very much for this build <3 as a returning player to SC2 after 2-3 years it makes life so much easier : )

On Nov. 29, 2017, 1:26 p.m., birdy  said:

hey thanks for ur help!<3 i dont why why i cant make my buildorder looks like urs in my ZvX Guide ... in my other Guides it worked fine....

Create an account to comment!